AoeStats
← Rjscarton

Oasis

508025892Analyzed
4v4 RM · 12d ago on Sep 20, 2026· 46m 59s· 8 players
Game mode
Random Map
Map size
Large (8 player)
Population
200
Speed
Normal
Resources
Standard
Victory
Conquest
Starting age
Dark Age
Ending age
Imperial Age
RankedLock teamsTeams togetherTeam positionsShared explorationLock speedFull tech treeHidden civsTurbo modeCheats
Victory
Defeat
🇨🇴 Franks · Colombia
905
+16
🇹🇷 Wu · Türkiye
904
+16
🇷🇴 Goths · Romania
814
+20
🇬🇧 Britons · United Kingdom
784
+20
🇨🇭 Teutons · Switzerland
944
-20
🇨🇱 Bengalis · Chile
927
-19
🇷🇺 Romans · Russia
861
-17
🇭🇰 Spanish · Hong Kong SAR China
855
-16
M44281
1:57 Loom
12:28 Feudal Age
12:56 Horse Collar
13:03 Double-Bit Axe
13:10 Gold Mining
20:27 Castle Age
19:26 Stone Mining
20:44 Scale Mail Armor
20:55 Forging
21:46 Town Watch
22:40 Wheelbarrow
26:01 Iron Casting
28:31 Pikeman
32:19 Hand Cart
33:16 Fletching
34:58 Chain Mail Armor
35:08 Fortified Wall
35:40 Heavy Plow
41:37 Imperial Age
40:36 Ballistics
41:48 Heavy Scorpion
43:46 Halberdier
И Я УПАЛ
9:58 Feudal Age
10:46 Double-Bit Axe
11:57 Horse Collar
14:06 Loom
17:17 Gold Mining
16:53 Man-at-Arms
23:35 Castle Age
22:51 Stone Mining
26:50 Wheelbarrow
37:01 Imperial Age
39:27 Heavy Scorpion
Rjscarton
12:41 Feudal Age
17:44 Castle Age
16:29 Horse Collar
16:35 Double-Bit Axe
16:44 Gold Mining
16:49 Stone Mining
19:34 Squires
23:58 Loom
25:27 Arson
26:08 Pikeman
29:36 Gambesons
37:07 Wheelbarrow
36:19 Town Watch
36:41 Heavy Plow
38:13 Padded Archer Armor
38:04 Fletching
43:26 Hand Cart
43:31 Leather Archer Armor
踏马就一刀
Aurora
11:30 Feudal Age
16:06 Castle Age
15:31 Double-Bit Axe
15:27 Horse Collar
20:27 Bow Saw
21:07 Gold Mining
23:51 Gold Shaft Mining
23:47 Stone Mining
23:59 Heavy Plow
26:00 Wheelbarrow
25:11 Loom
26:28 Stone Shaft Mining
28:10 Hand Cart
30:55 Imperial Age
28:16 Pikeman
30:05 Treadmill Crane
30:46 Ballistics
31:14 Forging
32:26 Conscription
34:03 Red Cliffs Tactics
33:31 Elite Fire Archer
35:19 Sitting Tiger
35:28 Fletching
38:19 Chemistry
37:18 Murder Holes
38:19 Halberdier
39:17 Squires
39:02 Arson
43:26 Iron Casting
42:51 Scale Mail Armor
42:46 Bodkin Arrow
42:51 Padded Archer Armor
45:23 Caravan
45:54 Coinage
45:34 Guilds
48:37 Blast Furnace
47:52 Chain Mail Armor
47:37 Bracer
47:53 Leather Archer Armor
KNoS
0:29 Loom
11:08 Feudal Age
11:42 Double-Bit Axe
18:01 Castle Age
17:42 Horse Collar
23:54 Wheelbarrow
24:17 Man-at-Arms
25:11 Long Swordsman
28:23 Hand Cart
28:40 Caravan
33:47 Imperial Age
31:53 Bow Saw
32:08 Anarchy
32:42 Squires
32:05 Pikeman
33:32 Scale Mail Armor
33:42 Forging
33:23 Fletching
33:34 Padded Archer Armor
33:58 Gold Mining
34:00 Stone Mining
35:55 Heavy Plow
37:30 Heavy Scorpion
37:40 Halberdier
40:44 Chemistry
40:01 Leather Archer Armor
41:09 Elite Huskarl
43:55 Iron Casting
47:17 Chain Mail Armor
48:02 Blast Furnace
46:58 Bodkin Arrow
47:33 Ring Archer Armor
Jundi
9:28 Loom
13:31 Feudal Age
14:01 Double-Bit Axe
17:49 Wheelbarrow
20:56 Castle Age
19:59 Forging
21:59 Bow Saw
22:36 Iron Casting
21:25 Light Cavalry
23:34 Wheelbarrow
23:33 Husbandry
27:17 Scale Barding Armor
28:37 Stone Mining
30:22 Town Watch
30:59 Hand Cart
31:50 Gold Mining
33:51 Ballistics
34:06 Fletching
34:32 Masonry
34:52 Bodkin Arrow
35:58 Murder Holes
40:12 Chain Barding Armor
40:16 Caravan
43:13 Imperial Age
43:46 Cavalier
45:56 Conscription
45:22 Paladin
47:07 Blast Furnace
47:26 Plate Barding Armor
48:33 Chemistry
Nano
2:24 Loom
10:38 Loom
13:28 Feudal Age
19:05 Wheelbarrow
28:42 Castle Age
30:32 Double-Bit Axe
30:41 Horse Collar
30:25 Crossbowman
31:17 Pikeman
32:57 Hand Cart
34:01 Fletching
34:53 Gold Mining
42:45 Imperial Age
41:32 Heavy Plow
43:39 Padded Archer Armor
44:26 Arbalester
Connection lost

Rejoining the realm…

Still unreachable

The connection could not be restored.

Session expired

The server has moved on; the page needs a fresh start.